 Dungeon Crawl Stone Soup version 0.29.1-2-gbd0b4ee654 (webtiles) character file.

Game seed: 2352031199292583796

534 styxcanada the Covert (level 7, 0/35 HPs)
             Began as a Spriggan Brigand on Nov 2, 2022.
             Killed from afar by Duvessa (13 damage)
             ... with a bolt of light
             ... on level 4 of the Dungeon.
             The game lasted 00:12:45 (3082 turns).

styxcanada the Covert (Spriggan Brigand)            Turns: 3082, Time: 00:12:46

Health: 0/35       AC:  4    Str:  7    XL:     7   Next: 4%
Magic:  10/10      EV: 18    Int: 12    God:
Gold:   177        SH:  0    Dex: 19    Spells: 9/9 levels left

rFire   . . .      SeeInvis +   a - +2 dagger
rCold   . . .      Faith    .   (no shield)
rNeg    . . .      Spirit   .   p - +1 robe {Will+}
rPois   .          Reflect  .   (helmet restricted)
rElec   .          Harm     .   c - +0 cloak
rCorr   .          Rampage  .   (gloves unavailable)
Will    ++...                   (boots unavailable)
Stlth   ++........              (no amulet)
HPRegen 0.11/turn               (no ring)
MPRegen 0.12/turn               (no ring)

@: confused, very quick
A: very small, no large weapons, unfitting armour, see invisible, speed 3
a: no special abilities


You were on level 4 of the Dungeon.
You visited 1 branch of the dungeon, and saw 4 of its levels.

You collected 177 gold pieces.

Inventory:

Hand Weapons
 a - a +2 dagger (weapon)
 q - a +2 sling of flaming
 s - a +0 short sword
Missiles
 d - 18 poisoned darts (quivered)
 e - 8 curare-tipped darts
 h - 11 stones
Armour
 c - a +0 cloak (worn)
 p - a +1 robe of willpower (worn)
Jewellery
 v - a ring of fire
Scrolls
 f - 5 scrolls of teleportation
 g - a scroll of poison
 i - 2 scrolls of amnesia {unknown}
 j - 3 scrolls of identify
 k - a scroll of immolation {unknown}
 l - 2 scrolls of fear {unknown}
 n - 2 scrolls of butterflies {unknown}
 r - a scroll of enchant armour {unknown}
 u - a scroll of magic mapping {unknown}
Potions
 b - 3 potions of curing
 m - a potion of invisibility
 o - a potion of lignification
 t - a potion of attraction {unknown}


   Skills:
 * Level 2.8 Fighting
 + Level 2.9 Short Blades
 + Level 2.7 Ranged Weapons
 + Level 2.2 Throwing
 * Level 3.6 Dodging
 * Level 9.4 Stealth
 * Level 1.8 Spellcasting


You had 9 spell levels left.
You didn't know any spells.
Your spell library contained the following spells:

 Spells                   Type           Power      Damage    Failure   Level
 Ozocubu's Armour         Ice            1%         N/A       63%         3
 Animate Dead             Necr           1%         N/A       95%         4
 Hailstorm                Conj/Ice       1%         3d3       95%         4
 Ice Form                 Ice/Tmut       1%         N/A       95%         4
 Leda's Liquefaction      Hex/Erth       0%         N/A       95%         4
 Fireball                 Conj/Fire      0%         3d3       100%        5
 Iskenderun's Battlesphe  Conj           1%         2d6       100%        5
 Lee's Rapid Deconstruct  Erth           0%         3d5*      100%        5
 Metabolic Englaciation   Hex/Ice        0%         N/A       100%        5
 Conjure Ball Lightning   Conj/Air       0%         3x3d6     100%        6
 Simulacrum               Ice/Necr       0%         N/A       100%        6
 Statue Form              Tmut/Erth      0%         N/A       100%        6
 Haunt                    Necr/Summ      0%         N/A       100%        7
 Orb of Destruction       Conj           0%         9d5       100%        7
 Borgnjor's Revivificati  Necr           0%         N/A       100%        8
 Infestation              Necr           0%         N/A       100%        8
 Necromutation            Tmut/Necr      0%         N/A       100%        8
 Death's Door             Necr           0%         N/A       100%        9


Dungeon Overview and Level Annotations

Branches:
Dungeon (4/15)
 Temple: D:4-7

Altars:
The Shining One

Annotations:
D:4 Dowan, Duvessa


Innate Abilities, Weirdness & Mutations

You are very small and have problems with some larger weapons.
You are too small for most types of armour.
You have supernaturally acute eyesight. (SInv)
You cover ground extremely quickly. (Speed+++)


Message History

Duvessa shouts!
Fire: q) +2 sling (flame)
Press: ? - help, Q - select action, (/) - cycle Shift-Dir - straight line, f - hobgoblin
Aim: a hobgoblin (asleep, 98% to hit)
You shoot a sling bullet.
Dowan shouts!
The sling bullet hits the hobgoblin.
The sling bullet burns the hobgoblin.
You kill the hobgoblin!
Dowan points at you and mumbles some strange words.
The puff of flame hits you!
Duvessa says, "My weaknesses are his strengths!"
Fire: q) +2 sling (flame)
Press: ? - help, Q - select action, (/) - cycle Shift-Dir - straight line, f - Dowan
Aim: Dowan, wielding a +0 dagger and wearing a +0 robe (53% to hit)
You shoot a sling bullet. The sling bullet barely misses Dowan.
Unknown command.
Fire: q) +2 sling (flame)
Press: ? - help, Q - select action, (/) - cycle Shift-Dir - straight line, f/p - Dowan
Aim: Dowan, wielding a +0 dagger and wearing a +0 robe (53% to hit)
You shoot a sling bullet. The sling bullet hits Duvessa.
The sling bullet burns Duvessa.
Duvessa is lightly wounded.
Dowan drinks a potion.
Dowan flickers and vanishes for a moment.
Your +2 sling of flaming stops flaming.
a - a +2 dagger (weapon)
Throw: 20 darts (poison)
Press: ? - help, Q - select action, (/) - cycle Shift-Dir - straight line, f/p - Dowan
Aim: Dowan, wielding a +0 dagger and wearing a +0 robe (slightly transparent, 53% to hit)
You throw a poisoned dart. The poisoned dart hits Duvessa.
Duvessa is lightly wounded.
Duvessa zaps a wand.
The bolt of light hits you!
Throw: 19 darts (poison)
Press: ? - help, Q - select action, (/) - cycle Shift-Dir - straight line, f - Duvessa
Aim: Duvessa, wielding a +0 rapier, wearing a +0 leather armour and carrying a wand of light (5) (lightly wounded, 66% to hit)
You throw a poisoned dart. The poisoned dart hits Duvessa!
Duvessa is poisoned.
Duvessa is lightly wounded.
Duvessa zaps a wand.
The bolt of light hits you!
You are confused.
You die...

..#.......#.####.#
^...._...........
#.......#.##..##
#...... #....)..
.... #....###
...####.####.†.##
.............:##
#.#########..[###
#...@.####..###
#####....e.##
#####..#
#..$.>.(....+
#.......#####
#.......#
#.####### #. #


You could see Duvessa (very poisoned).

Vanquished Creatures
  Sigmund (D:2)
  The ghost of 0gre the Chiller, an amateur GnIE (D:3)
  A sky beast (D:4)
  A scorpion (D:4)
  2 scorpion simulacra (D:3)
  2 adders
  A hound simulacrum (D:3)
  An adder simulacrum (D:3)
  4 dart slugs
  8 endoplasms
  A giant cockroach (D:1)
  6 goblins
  4 hobgoblins
  A quokka (D:1)
  A ball python (D:1)
  A ball python simulacrum (D:3)
  2 bats
  3 frilled lizards
  3 kobolds
  4 rats
48 creatures vanquished.

Vanquished Creatures (others)
  2 plants (D:3)
2 creatures vanquished.

Grand Total: 50 creatures vanquished

Notes
Turn   | Place    | Note
-------+----------+-------------------------------------------
     0 | D:1      | styxcanada the Spriggan Brigand began the quest for the
                  | Orb.
     0 | D:1      | Reached XP level 1. HP: 10/10 MP: 2/2
   268 | D:1      | Reached skill level 6 in Stealth
   283 | D:1      | Reached XP level 2. HP: 15/15 MP: 3/3
  1251 | D:2      | Noticed Sigmund
  1257 | D:2      | Killed Sigmund
  1258 | D:2      | Reached skill level 8 in Stealth
  1258 | D:2      | Reached XP level 3. HP: 18/18 MP: 4/4
  1258 | D:2      | Reached XP level 4. HP: 23/23 MP: 5/5
  1258 | D:2      | Reached XP level 5. HP: 26/26 MP: 6/6
  1992 | D:3      | Noticed 0gre's ghost (amateur GnIE)
  2014 | D:3      | Found a runed translucent gate.
  2014 | D:3      | Found a runed translucent gate.
  2014 | D:3      | Found a runed translucent gate.
  2264 | D:3      | Reached skill level 9 in Stealth
  2541 | D:3      | Killed 0gre's ghost
  2542 | D:3      | Reached skill level 1 in Ranged Weapons
  2542 | D:3      | Reached skill level 1 in Spellcasting
  2542 | D:3      | Reached XP level 6. HP: 32/32 MP: 6/8
  2999 | D:4      | Noticed a sky beast
  3022 | D:4      | Killed a sky beast
  3023 | D:4      | Reached XP level 7. HP: 30/35 MP: 10/10
  3046 | D:4      | Found a glowing golden altar of the Shining One.
  3071 | D:4      | Noticed Duvessa
  3071 | D:4      | Noticed Dowan
  3082 | D:4      | Killed from afar by Duvessa

Illustrated notes

Levels and vault maps discovered:
D:1:      dpeg_arrival_rhombus, layout_loops_ring, minmay_tromino_v7
D:2:      layout_basic, patterned_corridor, uniq_sigmund
D:3:      layout_basic, gammafunk_ghost_icy, serial_bayou_lake_a, uniq_jessica
D:4:      minmay_chambers_of_threes, layout_basic, old_standard_altar,
          minmay_temple_entry_overgrown, uniq_duvessa, uniq_blork_the_orc

Skill      XL: |  1  2  3  4  5  6 |
---------------+-------------------+-----
Stealth        | 6 8 9 |  9.4
Dodging        | 2 3 |  3.6
Fighting       | 2 |  2.8
Ranged Weapons | 1 2 |  2.7
Spellcasting   | 1 |  1.8
Short Blades   | |  2.9
Throwing       | |  2.2

Action                   |  1- 3 |  4- 6 |  7- 9 || total
-------------------------+-------+-------+-------++-------
Melee: Dagger            |    50 |    29 |       ||    79
 Fire: Sling             |       |    65 |     3 ||    68
Throw: Dart              |     5 |     7 |     2 ||    14
  Use: Scroll            |       |     5 |       ||     5
 Stab: Sleeping          |     9 |     2 |       ||    11
Armor: Robe              |     5 |     8 |       ||    13
Dodge: Dodged            |    31 |    46 |       ||    77
